AoeStats
← TAZmania

Arabia

510832114Analyzed
1v1 RM · 18h ago on Oct 2, 2026· 51m 54s· 2 players
Game mode
Random Map
Map size
Tiny (2 player)
Population
200
Speed
Normal
Resources
Standard
Victory
Conquest
Starting age
Dark Age
Ending age
Imperial Age
RankedLock teamsTeams togetherTeam positionsShared explorationLock speedFull tech treeHidden civsTurbo modeCheats
Victory
Defeat
🇦🇷 Franks · Argentina
747
+15
🇨🇴 Byzantines · Colombia
720
-15
TAZmania
10:38 Feudal Age
11:55 Wheelbarrow
11:08 Double-Bit Axe
11:09 Horse Collar
13:44 Loom
14:35 Man-at-Arms
19:06 Fletching
25:49 Castle Age
24:11 Scale Mail Armor
26:05 Forging
26:16 Gold Mining
26:44 Pikeman
28:49 Iron Casting
28:55 Bodkin Arrow
29:46 Chain Mail Armor
31:26 Squires
31:32 Padded Archer Armor
32:17 Bow Saw
32:53 Heavy Plow
35:41 Leather Archer Armor
35:59 Hand Cart
36:18 Stone Mining
37:53 Scale Barding Armor
42:05 Stone Shaft Mining
46:09 Imperial Age
48:07 Chemistry
49:33 Plate Mail Armor
Spooky Polkha
4:53 Loom
10:28 Feudal Age
11:13 Loom
13:27 Forging
18:27 Wheelbarrow
23:25 Castle Age
21:54 Scale Barding Armor
21:51 Gold Mining
23:11 Town Watch
24:43 Iron Casting
24:11 Husbandry
26:29 Hand Cart
28:47 Chain Barding Armor
32:16 Gold Shaft Mining
33:24 Light Cavalry
35:23 Town Watch
37:50 Sanctity
37:47 Town Patrol
39:52 Herbal Medicine
44:59 Imperial Age
46:22 Cavalier
47:11 Fletching
47:58 Plate Barding Armor
48:24 Blast Furnace
48:30 Ballistics
Connection lost

Rejoining the realm…

Still unreachable

The connection could not be restored.

Session expired

The server has moved on; the page needs a fresh start.